 Dungeon Sprint DCSS version 0.32-a0-42-ga30500b4d3 (webtiles) character file.

Game seed: 12525623673766525204

2574 rocky1 the Toxicologist (level 9, -23/99 HPs)
             Began as an Octopode Alchemist on Jan 29, 2024.
             Was an Initiate of Gozag.
             Annihilated by a phantasmal warrior (27 damage)
             ... in the Dungeon (Sprint VII: "The Pits").
             The game lasted 00:08:06 (2003 turns).

rocky1 the Toxicologist (Octopode Alchemist)        Turns: 2003, Time: 00:08:07

Health: -23/99     AC:  4    Str:  8    XL:     9   Next: 57%
Magic:  15/22      EV: 15    Int: 22    God:    Gozag
Gold:   1230       SH:  0    Dex: 14    Spells: 14/26 levels left

rFire   . .          .
                       - Unarmed
rCold   . . .        (no shield)
rNeg    . . .        (helmet restricted)
rPois   .            (no amulet)
rElec   .            j - +3 ring of protection
rCorr   .            k - +3 ring of intelligence
SInv    .            (no ring)
Will    .....        (no ring) Stlth
                     (no ring)
HPRegen 0.36/turn    (no ring)
MPRegen 0.18/turn    (no ring)
                     (no ring)

%: no teleportation
@: berserking, gold aura, very quick
A: almost no armour, amphibious, 8 rings, camouflage 1, gelatinous body 1,
(nimble swimmer 1), tentacles
a: Renounce Religion, Potion Petition, Call Merchant, Bribe Branch


You were in the Dungeon.
You worshipped Gozag.
Gozag was most pleased with you.
You visited 1 branch You collected 1908 gold pieces.
You spent 116 gold pieces at shops.
You paid 562 gold pieces to Gozag.

Inventory:

Hand Weapons
 c - a +2 dagger of draining
 o - the +2 morningstar "Ogreid" {venom, Fly Will+ Int+4}
   (You found it in the Dungeon)

   Int+4:     It affects your intelligence (+4).
   Will+:     It increases your willpower.
   Fly:       It grants you flight.
Missiles
 f - 3 curare-tipped darts
Jewellery
 j - a +3 ring of protection (left tentacle)
 k - a +3 ring of intelligence (right tentacle)
Scrolls
 h - 2 scrolls of vulnerability
 i - 5 scrolls of amnesia
 p - 2 scrolls of identify {unknown}
Potions
 a - 4 potions of magic
 b - 7 potions of curing
 d - a potion of haste
 e - 2 potions of berserk rage
 g - 2 potions of invisibility
 l - a potion of might
 m - 4 potions of resistance
 n - a potion of heal wounds
 q - a potion of ambrosia {unknown}
 r - a potion of lignification {unknown}
 s - a potion of enlightenment {unknown}


   Skills:
 * Level 8.1 Fighting
 + Level 6.3 Dodging
 + Level 7.6 Stealth
 * Level 9.5 Unarmed Combat
 + Level 9.2 Spellcasting
 + Level 5.5 Conjurations
 * Level 4.5 Fire Magic
 + Level 11.8 Alchemy


You had 14 spell levels left.
You knew the following spells:

 Your Spells              Type           Power      Damage    Failure   Level
a - Sting                 Conj/Alch      100%       1d9       1%          1
b - Olgreb's Toxic Radia  Alch           58%        N/A       1%          4
c - Mephitic Cloud        Conj/Alch/Air  35%        N/A       1%          3
d - Sticky Flame          Fire/Alch      46%        2d9       2%          4

Your spell library contained the following spells:

 Spells                   Type           Power      Damage    Failure   Level
 Mercury Vapours          Alch/Air       72%        N/A       1%          2


Dungeon Overview and Level Annotations

Branches:
Dungeon (1/1)

Altars:
Ashenzari
Cheibriados
Dithmenos
Elyvilon
Fedhas
Gozag
Hepliaklqana
Kikubaaqudgha
Makhleb
Nemelex Xobeh
Okawaru
Qazlal
Ru
Sif Muna
Trog
Uskayaw
Vehumet
Wu Jian
Xom
Yredelemnul
Zin
The Shining One
Jiyva
Lugonu

Shops:
D *


Innate Abilities, Weirdness & Mutations

You cannot wear most types of armour.
You are amphibious.
You can wear up to eight rings at the same time.
Your skin changes colour to match your surroundings (Stealth+).
Your rubbery body absorbs attacks. (AC +1, EV +1)
((You are camouflaged when in or above water. (Stealth+)))
You have tentacles for arms and can constrict up to eight enemies at once.


Message History

The deep elf pyromancer looks even sicker.
You constrict the deep elf pyromancer.
The deep elf pyromancer hits you with a +0 long sword.
You feel much better.
You constrict the deep elf pyromancer. The cyclops hits you.
The deep elf pyromancer gestures wildly while chanting.
The deep elf pyromancer struggles to blink free from constriction.
Unknown command.
You completely miss the deep elf pyromancer.
The deep elf pyromancer is severely wounded.
The deep elf pyromancer looks as sick as possible!
You constrict the deep elf pyromancer, but do no damage.
The cyclops closely misses you.
You tentacle-slap the deep elf pyromancer.
You kill the deep elf pyromancer!
The phantasmal warrior gestures at you.
The phantasmal warrior blinks!
Your Fighting skill increases to level 8!
Your Unarmed Combat skill increases to level 9!
Your Spellcasting skill increases to level 9!
Your Fire Magic skill increases to level 4!
A red film seems to cover your vision as you go berserk!
You feel yourself moving faster!
You feel mighty!
Your toxic aura wanes.
The phantasmal warrior hits you!! The cyclops misses you.
You closely miss the phantasmal warrior.
Your squeeze misses the phantasmal warrior.
The phantasmal warrior hits you.
You tentacle-slap the cyclops but do no damage.
The cyclops is severely wounded.
The cyclops hits you!
You tentacle-slap the cyclops.
The cyclops is almost dead.
The phantasmal warrior hits you!!
* * * LOW HITPOINT WARNING * * *
You bludgeon the cyclops!
You kill the cyclops!
The phantasmal warrior hits you!!
You die...
Your body crumbles into a pile of gold.

....'................++..########
#####......#..#......##..........
#[[##∩...............##..........
#))#####'#####''#################
#))##.......##''#
#))##.......##..##
#..##.......##...##
#'###...<...###.W.##+##.
...##.......# ##@.......
...##.......# #$$###+###
#####.......##..##
#..###########.. #.############..
#.#....#..[[###. #)#....#..[[# ##
#.'....'..))# #'#....#..))#


You could see a phantasmal warrior.

Vanquished Creatures
  Sonja (D)
  2 deep elf pyromancers (D)
  A cyclops (D)
  A rime drake (D)
  A wyvern (D)
  A fire bat (D)
  2 sky beasts (D)
  A crocodile (D)
  A phantom (D)
  A necrophage (D)
  2 scorpions (D)
  A jelly (D)
  An orc priest (D)
  An iguana (D)
  A mummy (D)
  2 adders (D)
  2 river rats (D)
  An adder skeleton (D)
  An orc (D)
  A bat skeleton (D)
  A giant cockroach (D)
  A goblin (D)
  4 jackals (D)
  A ball python (D)
  A frilled lizard (D)
33 creatures vanquished.

Notes
Turn   | Place    | Note
-------+----------+-------------------------------------------
     0 | D        | rocky1 the Octopode Alchemist began the quest for the Orb.
     0 | D        | Reached XP level 1. HP: 11/11 MP: 3/3
    18 | D        | Reached skill level 4 in Alchemy
    82 | D        | Found a bloodstained altar of Trog.
    82 | D        | Found a shimmering blue altar of Sif Muna.
    82 | D        | Found a viscous altar of Jiyva.
    82 | D        | Found a hazy altar of Hepliaklqana.
    82 | D        | Found an opulent altar of Gozag.
    83 | D        | Found a glowing golden altar of the Shining One.
    83 | D        | Found a glowing silver altar of Zin.
    83 | D        | Found a basalt altar of Yredelemnul.
    83 | D        | Found a shimmering altar of Xom.
    83 | D        | Found an ornate altar of the Wu Jian Council.
    83 | D        | Found a sacrificial altar of Ru.
    83 | D        | Found a stormy altar of Qazlal.
    83 | D        | Found an iron altar of Okawaru.
    83 | D        | Found a sparkling altar of Nemelex Xobeh.
    83 | D        | Found a burning altar of Makhleb.
    83 | D        | Found a blossoming altar of Fedhas.
    83 | D        | Found a white marble altar of Elyvilon.
    83 | D        | Found a shadowy altar of Dithmenos.
    83 | D        | Found a snail-covered altar of Cheibriados.
    86 | D        | Found a corrupted altar of Lugonu.
    86 | D        | Found a radiant altar of Vehumet.
    88 | D        | Found a broken altar of Ashenzari.
    88 | D        | Found an ancient bone altar of Kikubaaqudgha.
    88 | D        | Found a hide-covered altar of Uskayaw.
    94 | D        | Became a worshipper of Gozag Ym Sagoz the Greedy
   110 | D        | Reached skill level 5 in Alchemy
   110 | D        | Reached XP level 2. HP: 17/17 MP: 1/5
   151 | D        | Noticed a scorpion
   158 | D        | Reached XP level 3. HP: 14/21 MP: 0/7
   165 | D        | Killed a scorpion
   166 | D        | Reached skill level 1 in Unarmed Combat
   166 | D        | Reached skill level 7 in Alchemy
   166 | D        | Reached XP level 4. HP: 23/27 MP: 4/9
   324 | D        | Noticed a crocodile
   343 | D        | Learned a level 4 spell: Olgreb's Toxic Radiance
   366 | D        | Reached skill level 1 in Fighting
   366 | D        | Reached XP level 5. HP: 18/33 MP: 7/11
   426 | D        | Noticed a sky beast
   430 | D        | Reached skill level 8 in Alchemy
   435 | D        | Killed a sky beast
   436 | D        | Reached skill level 5 in Stealth
   436 | D        | Reached skill level 5 in Spellcasting
   436 | D        | Reached XP level 6. HP: 36/42 MP: 7/13
   494 | D        | Noticed a fire bat
   499 | D        | Reached skill level 9 in Alchemy
   508 | D        | Killed a fire bat
   509 | D        | Reached skill level 5 in Dodging
   509 | D        | Reached skill level 5 in Unarmed Combat
   509 | D        | Reached XP level 7. HP: 38/49 MP: 4/16
   702 | D        | Learned a level 3 spell: Mephitic Cloud
   707 | D        | Learned a level 4 spell: Sticky Flame
   707 | D        | Noticed Sonja
   714 | D        | HP: 2/40 [Sonja/+2 dagger of draining (4)]
   725 | D        | Killed Sonja
   726 | D        | Reached skill level 5 in Conjurations
   726 | D        | Reached skill level 10 in Alchemy
   726 | D        | Reached XP level 8. HP: 5/58 MP: 9/19
  1245 | D        | HP: 4/87 [mummy (17)]
  1611 | D        | Noticed a rime drake
  1611 | D        | Noticed a wyvern
  1617 | D        | Killed a wyvern
  1618 | D        | Reached skill level 1 in Fire Magic
  1621 | D        | Killed a rime drake
  1622 | D        | Reached skill level 11 in Alchemy
  1653 | D        | Got the +2 morningstar "Ogreid" {venom, Fly Will+ Int+4}
  1799 | D        | Bought a scroll labelled UPANTICYEG for 25 gold pieces
  1799 | D        | Bought a golden potion for 22 gold pieces
  1799 | D        | Bought a scroll labelled UPANTICYEG for 25 gold pieces
  1799 | D        | Bought a fuming red potion for 22 gold pieces
  1799 | D        | Bought a murky silvery potion for 22 gold pieces
  1825 | D        | Noticed a deep elf pyromancer
  1835 | D        | Killed a deep elf pyromancer
  1836 | D        | Reached XP level 9. HP: 56/64 MP: 6/21
  1949 | D        | Noticed a phantasmal warrior
  1949 | D        | Noticed a guardian serpent
  1978 | D        | Noticed a cyclops
  1990 | D        | Noticed a deep elf pyromancer
  1993 | D        | Noticed a phantasmal warrior
  1998 | D        | Killed a deep elf pyromancer
  2002 | D        | HP: 4/99 [phantasmal warrior (30)]
  2003 | D        | Killed a cyclops
  2003 | D        | Annihilated by a phantasmal warrior

Illustrated notes

Levels and vault maps discovered:
D:        pitsprint [storerooms_1, entrance_room_1, metal_vault_5, armoury_1,
          mini_pit_1, grid_room_1, main_hall_1, silver_pit, the_coven_1,
          the_vestibule_1, steel_vault_2, golden_pit, hallway_of_sentries,
          crystal_vault_1, iron_vault_1, final_vault]

Skill      XL: |  1  2  3  4  5  6  7  8  9 |
---------------+----------------------------+-----
Alchemy        | 5 7 8 9 10 11 | 11.8
Stealth        | 3 4 5 6 7 |  7.6
Dodging        | 3 4 5 6 |  6.3
Unarmed Combat | 1 3 5 6 8 9 |  9.5
Spellcasting   | 3 4 5 6 7 8 9 |  9.2
Conjurations   | 2 3 4 5 |  5.5
Fighting       | 1 3 4 6 7 8 |  8.1
Fire Magic     | 3 4 |  4.5

Action                     |  1- 3 |  4- 6 |  7- 9 || total
---------------------------+-------+-------+-------++-------
  Melee: Unarmed           |    21 |    23 |    53 ||    97
         Constrict         |     5 |     5 |     5 ||    15
         Tentacles         |     3 |     9 |     8 ||    20
         Punch             |       |       |     4 ||     4
   Cast: Sting             |    13 |    15 |     1 ||    29
         Olgreb's Toxic Ra |       |     3 |    10 ||    13
         Mephitic Cloud    |       |       |     1 ||     1
 Invoke: Call Merchant     |       |       |     1 ||     1
    Use: Potion            |     2 |     4 |     4 ||    10
         Scroll            |       |       |     2 ||     2
   Stab: Sleeping          |       |       |     1 ||     1
         Distracted        |       |       |     1 ||     1
 Armour: Skin              |    15 |    17 |    39 ||    71
  Dodge: Dodged            |    20 |    22 |    22 ||    64

Table legend: (Time is in decaauts)
 A = Elapsed time spent in this place.
 B = Non-inter-level travel time spent in this place.
 C = Inter-level travel time spent in this place.
 D = Time resting spent in this place.
 E = Time spent auto-exploring this place.
 F = Levels seen in this place.
 G = Mean time per level.
                   A        B        C        D        E       F      G
               +--------+--------+--------+--------+--------+-----+--------+
         Total |   2000 |   1945 |     55 |   1394 |      0 |   1 | 2000.0 |
       Dungeon |   2000 |   1945 |     55 |   1394 |      0 |   1 | 2000.0 |
               +--------+--------+--------+--------+--------+-----+--------+

Top non-repeatable levels by time:
       D: 2000 daAuts
